 Dungeon Crawl Stone Soup version 0.13.0-7-g3df9ff1 (webtiles) character file.

307 MackTheKnife the Vexing (level 5, -2/35 HPs)
             Began as a Vampire Enchanter on Oct 16, 2013.
             Slain by a gnoll
             ... wielding a +0,+0 club
              (8 damage)
             ... on Level 3 of the Dungeon.
             The game lasted 00:07:57 (4092 turns).

MackTheKnife the Vexing (Vampire Enchanter)         Turns: 4092, Time: 00:07:57

HP  -2/35        AC  4     Str  8      XL: 5   Next: 22%
MP   4/11        EV 14     Int 17      God:
Gold 142         SH  0     Dex 14      Spells:  3 memorised,  3 levels left

Res.Fire  : . . .   See Invis. : +   a - +1 dagger {=f}
Res.Cold  : + + .   Warding    : .   b - +1 robe
Life Prot.: + + +   Conserve   : .   (no shield)
Res.Poison: +       Res.Corr.  : .   (no helmet)
Res.Elec. : .       Clarity    : .   o - +0 elf cloak (curse)
Sust.Abil.: . .     Spirit.Shd : .   (no gloves)
Res.Mut.  : .       Stasis     : .   (no boots)
Res.Rott. : +       Flight     : .   (no amulet)
Saprovore : . . .                    (no ring)
                                     e - +2 ring of evasion

@: regenerating slowly, slightly resistant to hostile enchantments, quite
stealthy
A: fangs 3, see invisible, unbreathing
a: Bat Form


You were on level 3 of the Dungeon.
You were near bloodless.

You visited 1 branch of the dungeon, and saw 3 of its levels.

You collected 122 gold pieces.

Inventory:

Hand weapons
 a - a +1,+1 dagger (weapon) {=f}
Missiles
 d - 12 darts (quivered)
Armour
 b - a +1 robe (worn)
 o - a cursed +0 elven cloak (worn)
Scrolls
 h - a scroll of blinking {unknown}
 j - a scroll of magic mapping
 k - a scroll of enchant weapon I {unknown}
 l - 3 scrolls of identify
 n - a scroll of fog {unknown}
Jewellery
 e - a +2 ring of evasion (left hand)
Potions
 f - a potion of curing
 g - a potion of slowing {unknown}
 i - a potion of restore abilities {unknown}
 m - a potion of agility {unknown}
Books
 c - a book of Maledictions

   Spells                             Type                      Level
   *Corona                            Hexes                        1
   Sure Blade                         Hexes/Charms                 2
   *Ensorcelled Hibernation           Hexes/Ice                    2
   *Confuse                           Hexes                        3
   Enslavement                        Hexes                        4
   Invisibility                       Hexes                        6


   Skills:
 - Level 1.1 Short Blades
 - Level 0.7 Throwing
 - Level 2.1 Dodging
 - Level 4.4 Stealth
 + Level 2.9 Spellcasting
 + Level 6.6 Hexes


You had 3 spell levels left.
You knew the following spells:

 Your Spells              Type           Power        Failure   Level  Hunger
a - Ensorcelled Hibernat  Hex/Ice        ##....       10%         2    ##.....
b - Confuse               Hex            ####....     4%          3    ###....
c - Corona                Hex            ####...      1%          1    #......


Dungeon Overview and Level Annotations

Branches:
Dungeon (3/27)

Altars:
Yredelemnul
the Shining One


Innate Abilities, Weirdness & Mutations

You heal slowly.
You have razor-sharp teeth.*
You have supernaturally acute eyesight.
You can survive without breathing.*


Message History

The gnoll easily resists.
The gnoll barely misses you. The gnoll barely misses you.
The gnoll barely misses you. The gnoll hits you with a halberd!
* * * LOW HITPOINT WARNING * * *
The gnoll hits you but does no damage.
The gnoll hits you from afar with a halberd.
* * * LOW HITPOINT WARNING * * *
Your magical contamination has completely faded away.
Things that are here:
18 poisoned needles; an uncursed orcish short sword; an uncursed elven blowgun The gnoll throws a club.
The club hits you!
* * * LOW HITPOINT WARNING * * *
You see here a club.
A bat comes into view.
A gnoll opens the door.
The bat closely misses you.
There is a stone staircase leading up here.
The bat hits you but does no damage. The gnoll hits you with a club!
You die...

#.##.#.......#....(...........,,,
#.##.........#.#'###......#....,,
#.##.........#..g.##......#.....,
......#.##.###g...##......#......
............##....##..#'#.......*
.........?....g...'...#.#..#..#.#
#..####.###.##....##..#.#..#..#..
#..# #.###.##..g.##.............
#..####.........@....##.##.......
...(..........b..................
##...##..##.##.#.#...#........#.#
##.####..##.#....###.#........#,.
...........,#....###.####.....#.#
.........####..............).....
................................#
.........#..#....##.##.#.).##...#
##...................#.#.........


You could see 4 gnolls and a bat.

Vanquished Creatures
  A worker ant (D:3)
  Jessica (D:2)
  3 gnolls (D:3)
  An adder (D:3)
  2 worms
  3 giant geckos
  3 oozes
  An orc (D:3)
  4 giant cockroaches
  14 hobgoblins
  11 jackals
  5 kobolds
  A quokka (D:2)
  3 bats (D:1)
  3 giant newts
  7 goblins
  7 rats
70 creatures vanquished.

Notes
Turn   | Place    | Note
--------------------------------------------------------------
     0 | D:1      | MackTheKnife, the Vampire Enchanter, began the quest for the Orb.
     0 | D:1      | Reached XP level 1. HP: 13/13 MP: 4/4
   258 | D:2      | Reached XP level 2. HP: 1/19 MP: 2/5
   391 | D:2      | Learned a level 2 spell: Ensorcelled Hibernation
  1131 | D:1      | Reached XP level 3. HP: 24/24 MP: 7/7
  1137 | D:1      | Reached skill level 5 in Hexes
  1490 | D:2      | Noticed Jessica
  1499 | D:2      | Killed Jessica
  1713 | D:2      | Reached XP level 4. HP: 30/30 MP: 9/9
  1718 | D:2      | Learned a level 3 spell: Confuse
  1911 | D:2      | Found a basalt altar of Yredelemnul.
  1912 | D:2      | Noticed a profane servitor
  1916 | D:2      | Found a glowing golden altar of the Shining One.
  1917 | D:2      | Noticed an angel
  2688 | D:3      | Reached skill level 6 in Hexes
  2819 | D:3      | Reached XP level 5. HP: 18/35 MP: 2/11
  4092 | D:3      | Slain by a gnoll

Action                   |  1- 3 |  4- 6 || total
-------------------------+-------+-------++-------
Melee: Dagger            |   157 |   114 ||   271
 Cast: Corona            |     2 |       ||     2
       Ensorcelled Hiber |     4 |    25 ||    29
       Confuse           |       |     2 ||     2
  Use: Scroll            |       |     2 ||     2
       Potion            |       |     1 ||     1
 Stab: Sleeping          |    10 |    13 ||    23
